 Dungeon Crawl Stone Soup version 0.23.1-37-gaa34b87 (webtiles) character file.

Game seed: 15828810637495886251

35 Kairos the Skirmisher (level 3, 29/29 (31) HPs)
             Began as a Ghoul Fighter on Mar 27, 2019.
             Quit the game on level 1 of the Dungeon.
             The game lasted 00:02:09 (911 turns).

Kairos the Skirmisher (Ghoul Fighter)                Turns: 911, Time: 00:02:10

HP:   29/29 (31)    AC:  6    Str: 20    XL:     3   Next: 35%
MP:   2/2           EV:  7    Int:  3    God:
Gold: 29            SH:  8    Dex:  8    Spells: 2/2 levels left

rFire    . . .     SeeInvis .     - Unarmed
rCold    + . .     Gourm    .   b - +0 shield
rNeg     + + +     Faith    .   a - +0 scale mail
rPois    ∞         Spirit   .   (no helmet)
rElec    .         Reflect  .   (no cloak)
rCorr    .         Harm     .   (no gloves)
MR       .....                  (no boots)
Stlth    ..........             (no amulet)
HPRegen  0.09/turn              (no ring)
MPRegen  0.08/turn              (no ring)

@: rotting, very slow
A: rotting body, claws 1, carnivore, cold resistance 1, negative energy
resistance 3, inhibited regeneration, torment resistance, unbreathing
a: no special abilities


You were on level 1 of the Dungeon.
You were not hungry.

You visited 1 branch of the dungeon, and saw 1 of its levels.

You collected 29 gold pieces.

Inventory:

Armour
 a - a +0 scale mail (worn)
 b - a +0 shield (worn)
Scrolls
 e - 2 scrolls of identify {unknown}
 f - 2 scrolls of teleportation {unknown}
 h - a scroll of amnesia {unknown}
 i - a scroll of remove curse {unknown}
Potions
 c - a potion of might
 g - a potion of curing {unknown}
Comestibles
 d - a ration


   Skills:
 + Level 3.5 Fighting
 + Level 2.9 Armour
 + Level 0.3 Dodging
 + Level 0.5 Stealth
 + Level 3.0 Shields
 + Level 2.9 Unarmed Combat


You had 2 spell levels left.
You didn't know any spells.
Your spell library was empty.

Dungeon Overview and Level Annotations

Branches:
Dungeon (1/15)

Altars:


Innate Abilities, Weirdness & Mutations

Your body is rotting away.
You thrive on raw meat.
You are immune to poison.
You have sharp fingernails.
You are carnivorous and can eat meat at any time.
Your flesh is cold resistant. (rC+)
You are immune to negative energy. (rN+++)
You do not regenerate when monsters are visible.
You are immune to unholy pain and torment.
You can survive without breathing.


Message History

You barely miss the giant cockroach. The giant cockroach barely misses you.
You claw the giant cockroach!
You kill the giant cockroach!
No target in view!
No target in view!
No target in view!
No target in view!
You enter the shallow water.
Moving in this stuff is going to be slow.
You enter the shallow water.
Moving in this stuff is going to be slow.
You enter the shallow water.
Moving in this stuff is going to be slow.
You see here a rat corpse.
Partly explored, can't reach some places.
Partly explored, can't reach some places.
Partly explored, can't reach some places.
Partly explored, can't reach some places.
No target in view!
Are you sure you want to abandon this character and quit the game? (Confirm with "yes".)

#...≈≈≈.##.........##.
#...≈≈.............##.
#≈.≈≈≈.≈...........##.
#≈.≈≈≈≈≈...##......##.
#...≈≈.≈...##......###
#....).....##.######
#...≈≈≈....##.######
#≈..≈≈...†.........#
#≈.≈.@.≈...........###
#.≈.≈...###...........
##..≈≈.####........###
##≈≈≈≈............#
#..≈≈≈.############
#.#≈≈#.# #.##≈#.#
#.##≈#.# #.####.#


There were no monsters in sight!

Vanquished Creatures
  A dart slug (D:1)
  5 bats (D:1)
  A giant cockroach (D:1)
  4 goblins (D:1)
  3 hobgoblins (D:1)
  A ball python (D:1)
  12 frilled lizards (D:1)
  5 kobolds (D:1)
  2 rats (D:1)
34 creatures vanquished.

Notes
Turn   | Place    | Note
-------+----------+-------------------------------------------
     0 | D:1      | Kairos the Ghoul Fighter began the quest for the Orb.
     0 | D:1      | Reached XP level 1. HP: 19/19 MP: 0/0
   105 | D:1      | Reached XP level 2. HP: 21/26 MP: 1/1
   540 | D:1      | Reached XP level 3. HP: 31/31 MP: 2/2
   911 | D:1      | Quit the game

Skill      XL: |  1  2 |
---------------+-------+-----
Shields        | 3 |  3.0
Fighting       | |  3.5
Armour         | |  2.9
Dodging        | |  0.3
Stealth        | |  0.5
Unarmed Combat | |  2.9

Action                   || total
-------------------------++-------
Melee: Unarmed           ||   136
  Use: Potion            ||     1
Armor: Scale mail        ||    74
Dodge: Dodged            ||    52
Block: Shield            ||    76
